 Dungeon Sprint DCSS version 0.28.0-53-g5a82cb258f (webtiles) character file.

Game seed: 13890089498577684884

6 Zeld the Conjurer (level 1, 0/10 HPs)
             Began as a Deep Elf Conjurer on June 6, 2022.
             Was a Follower of Sif Muna.
             Succumbed to a scorpion's poison
             ... in the Dungeon (Sprint VII: "The Pits").
             The game lasted 00:00:45 (676 turns).

Zeld the Conjurer (Deep Elf Conjurer)                Turns: 676, Time: 00:00:47

Health: 0/10       AC:  2    Str:  4    XL:     1   Next: 75%
Magic:  6/7        EV: 12    Int: 22    God:    Sif Muna [*.....]
Gold:   0          SH:  0    Dex: 13    Spells: 6/7 levels left

rFire   . . .      SeeInvis .   (no weapon)
rCold   . . .      Faith    .   (no shield)
rNeg    . . .      Spirit   .   a - +0 robe
rPois   .          Reflect  .   (no helmet)
rElec   .          Harm     .   (no cloak)
rCorr   .          Rampage  .   (no gloves)
Will    .....      NoTele   +   (no boots)
Stlth   ++........              (no amulet)
HPRegen 0.03/turn               (no ring)
MPRegen 0.10/turn               (no ring)

@: lethally poisoned (0 -> -27)
A: no striking features
a: Renounce Religion, Channel Magic


You were in the Dungeon.
You worshipped Sif Muna.
Sif Muna was aware of your devotion.
You visited 1 branch

Inventory:

Armour
 a - a +0 robe (worn)
Scrolls
 g - a scroll of blinking
 i - 5 scrolls of amnesia
 j - a scroll of summoning
Potions
 c - a potion of heal wounds
 d - a potion of haste
 e - 3 potions of magic
 f - 3 potions of berserk rage
 h - 2 potions of invisibility


   Skills:
 - Level 2.4 Dodging
 - Level 2.4 Stealth
 + Level 3.6 Spellcasting
 + Level 4.8 Conjurations
 - Level 2.0 Hexes
 - Level 2.0 Translocations


You had 6 spell levels left.
You knew the following spells:

 Your Spells              Type           Power      Damage    Failure   Level
a - Magic Dart            Conj           100%       1d8       1%          1

Your spell library contained the following spells:

 Spells                   Type           Power      Damage    Failure   Level
 Searing Ray              Conj           50%        2d6       2%          2
 Dazzling Flash           Conj/Hex       38%        N/A       9%          3
 Fulminant Prism          Conj/Hex       9%         3d7       28%         4
 Iskenderun's Mystic Bla  Conj/Tloc      19%        2d6       28%         4


Dungeon Overview and Level Annotations

Branches:
Dungeon (1/1)

Altars:
Ashenzari
Cheibriados
Dithmenos
Elyvilon
Fedhas
Gozag
Hepliaklqana
Kikubaaqudgha
Makhleb
Nemelex Xobeh
Okawaru
Qazlal
Ru
Sif Muna
Trog
Uskayaw
Vehumet
Wu Jian
Xom
Yredelemnul
Zin
The Shining One
Beogh
Jiyva
Lugonu


Message History

Unknown command.
Casting: Magic Dart (safe; 1% risk of failure)
Confirm with . or Enter, or press ? or * to list all spells.
Aiming: Magic Dart (safe; 1% risk of failure)
Press: ? - help, Shift-Dir - straight line, f/p - scorpion
Aim: a scorpion (heavily wounded, 100% to hit)
The magic dart hits the scorpion.
The scorpion is heavily wounded.
The scorpion stings you.
You are lethally poisoned!
The scorpion poisons you!
Casting: Magic Dart (safe; 1% risk of failure)
Confirm with . or Enter, or press ? or * to list all spells.
Aiming: Magic Dart (safe; 1% risk of failure)
Press: ? - help, Shift-Dir - straight line, f/p - scorpion
Aim: a scorpion (heavily wounded, 100% to hit)
The magic dart hits the scorpion.
The scorpion is severely wounded.
* * * LOW HITPOINT WARNING * * *
You feel very sick. The scorpion barely misses you.
You feel better. The scorpion barely misses you.
Magic courses through your body. The scorpion stings you.
You are lethally poisoned!
The scorpion poisons you! The scorpion stings you.
You are more poisoned.
The scorpion poisons you!
Unknown command.
Okay, then.
Unknown command.
Casting: Magic Dart (safe; 1% risk of failure)
Confirm with . or Enter, or press ? or * to list all spells.
Aiming: Magic Dart (safe; 1% risk of failure)
Press: ? - help, Shift-Dir - straight line, f/p - scorpion
Aim: a scorpion (severely wounded, 100% to hit)
The magic dart hits the scorpion.
You kill the scorpion!
Sif Muna accepts your kill.
Ouch! That really hurt!
You die...

#_______...###########++
##########'##...........
#.?(.')))'.##......#..#.
##########.##...........
#...........'...........
+#####'#####......#..#.
#.....##...........
#####†#####'#####++
#..@..##.......#
#.††..##.......#
###'####.......# ...
#...<...# .....
#.......#
r.....##.......#
#########.......#
#########


There were no monsters in sight!

Vanquished Creatures
  A scorpion (D)
  An endoplasm (D)
  2 hobgoblins (D)
  A quokka (D)
  A bat (D)
6 creatures vanquished.

Notes
Turn   | Place    | Note
-------+----------+-------------------------------------------
     0 | D        | Zeld the Deep Elf Conjurer began the quest for the Orb.
     0 | D        | Reached XP level 1. HP: 10/10 MP: 6/6
    16 | D        | Reached skill level 1 in Hexes
    16 | D        | Reached skill level 1 in Translocations
   212 | D        | Found a bloodstained altar of Trog.
   212 | D        | Found a shimmering blue altar of Sif Muna.
   212 | D        | Found a viscous altar of Jiyva.
   212 | D        | Found a hazy altar of Hepliaklqana.
   212 | D        | Found an opulent altar of Gozag.
   213 | D        | Found a glowing golden altar of the Shining One.
   213 | D        | Found a glowing silver altar of Zin.
   213 | D        | Found a basalt altar of Yredelemnul.
   213 | D        | Found a shimmering altar of Xom.
   213 | D        | Found an ornate altar of the Wu Jian Council.
   213 | D        | Found a sacrificial altar of Ru.
   213 | D        | Found a stormy altar of Qazlal.
   213 | D        | Found an iron altar of Okawaru.
   213 | D        | Found a sparkling altar of Nemelex Xobeh.
   213 | D        | Found a burning altar of Makhleb.
   213 | D        | Found a blossoming altar of Fedhas.
   213 | D        | Found a white marble altar of Elyvilon.
   213 | D        | Found a shadowy altar of Dithmenos.
   213 | D        | Found a snail-covered altar of Cheibriados.
   214 | D        | Found a radiant altar of Vehumet.
   214 | D        | Found a corrupted altar of Lugonu.
   215 | D        | Found an ancient bone altar of Kikubaaqudgha.
   215 | D        | Found a hide-covered altar of Uskayaw.
   215 | D        | Found a broken altar of Ashenzari.
   216 | D        | Became a worshipper of Sif Muna the Loreminder
   512 | D        | Reached * piety under Sif Muna
   664 | D        | Noticed a scorpion
   676 | D        | Killed a scorpion
   676 | D        | Succumbed to a scorpion's poison

Illustrated notes

Levels and vault maps discovered:
D:        pitsprint [storerooms_1, entrance_room_1, metal_vault_1, armoury_2,
          mini_pit_1, grid_room_1, main_hall_1, silver_pit, the_coven_2,
          the_vestibule_1, steel_vault_5, golden_pit, hallway_of_sentries,
          crystal_vault_5, iron_vault_1, final_vault]

Skill      XL: |  1 |
---------------+----+-----
Hexes          | 2 |  2.0
Translocations | 2 |  2.0
Dodging        | |  2.4
Stealth        | |  2.4
Spellcasting   | |  3.6
Conjurations   | |  4.8

Action                   || total
-------------------------++-------
Melee: Unarmed           ||     1
 Cast: Magic Dart        ||    22
  Use: Potion            ||     2
Armor: Robe              ||     2
Dodge: Dodged            ||     9
